Map: 10000 Feet LE

Players

HeroMarine - Winner!

  • Race: Terran Terran
  • Spawn Location: 11:00

Serral

  • Race: Zerg Zerg
  • League: Grandmaster
  • Spawn Location: 5:00

VOD

Have the link to the VOD?

Description

Time

  • Played on: Feb. 1, 2026, 12:50 p.m.
  • Length: 26:35
Show
View Real Time Build Order
Export as new Build Order

HeroMarine Terran - Winner!

Build Orders: Reaper Expand, Hellion Banshee 

Get SALT Encoding   

  12  0:00  SCV  
  13  0:12  SCV  
  14  0:17  Supply Depot  
  14  0:24  SCV  
  15  0:39  SCV, Barracks  
  16  0:43  Refinery  
  16  0:51  SCV  
  17  1:03  SCV  
  18  1:15  SCV  
  19  1:27  Reaper, Orbital Command  
  20  1:38  Command Center  
  20  1:46  Supply Depot  
  20  1:52  SCV  
  21  1:59  Marine  
  22  2:04  SCV  
  23  2:09  Factory  
  23  2:16  SCV  
  23  2:22  Barracks Reactor  
  24  2:28  SCV  
  25  2:36  Command Center  
  25  2:41  SCV  
  26  2:49  Orbital Command  
  26  2:53  SCV  
  27  2:58  Starport  
  27  3:04  Refinery  
  27  3:05  SCV  
  28  3:11  Hellion x2  
  32  3:15  SCV  
  32  3:17  SCV  
  34  3:20  Barracks Tech Lab  
  34  3:28  SCV  
  34  3:29  SCV  
  34  3:32  Hellion x2  
  40  3:40  SCV  
  41  3:41  SCV  
  41  3:43  Banshee  
  45  3:50  Orbital Command  
  45  3:53  SCV x2  
  45  3:55  Cloaking Field  
  47  3:57  Hellion  
  47  3:58  Hellion  
  51  4:05  SCV x2, Supply Depot  
  51  4:08  Barracks Tech Lab  
  53  4:17  SCV x2  
  53  4:18  Hellion  
  53  4:19  Hellion  
  53  4:21  SCV  
  60  4:29  SCV x2  
  60  4:31  Banshee  
  65  4:32  Marine  
  65  4:33  SCV  
  65  4:38  Supply Depot  
  67  4:40  Hyperflight Rotors  
  67  4:41  SCV  
  67  4:42  SCV  
  67  4:43  Supply Depot, Refinery  
  67  4:45  Refinery  
  69  4:57  Factory  
  69  4:59  Factory, SCV x2  
  75  5:00  Hellion x2  
  75  5:02  Supply Depot  
  75  5:06  Supply Depot  
  75  5:07  Orbital Command  
  75  5:12  SCV x2  
  73  5:16  Banshee  
  69  5:21  Hellion x2  
  69  5:24  SCV x2  
  69  5:34  SCV  
  70  5:36  SCV x2  
  70  5:39  Barracks Tech Lab  
  70  5:41  Infernal Pre-Igniter  
  70  5:42  Hellion  
  74  5:45  Hellion x2  
  74  5:46  SCV  
  74  5:48  SCV x2  
  81  5:55  Factory  
  81  5:56  Factory  
  81  5:58  SCV  
  81  6:00  SCV x2  
  81  6:01  Banshee  
  81  6:03  Hellion  
  89  6:06  Hellion  
  89  6:09  Hellion, Supply Depot  
  89  6:10  Hellion  
  89  6:11  SCV  
  96  6:12  SCV x2  
  98  6:21  Refinery x2  
  98  6:23  SCV  
  98  6:24  SCV x2  
  101  6:31  Cyclone, Mag-Field Accelerator, Hellion  
  101  6:32  Cyclone  
  109  6:34  Supply Depot  
  109  6:35  SCV  
  109  6:36  SCV x2  
  109  6:39  Command Center  
  112  6:46  Factory Tech Lab  
  112  6:47  SCV, Factory Reactor  
  112  6:48  SCV x2  
  115  6:59  SCV  
  115  7:00  SCV x2  
  116  7:03  Cyclone  
  116  7:04  Cyclone, Hellion  
  124  7:11  SCV, Supply Depot x2  
  124  7:12  Supply Depot  
  125  7:19  SCV x2, Hellion  
  125  7:20  Armory x2  
  125  7:22  Factory  
  129  7:23  Factory  
  129  7:24  Cyclone  
  129  7:29  Banshee  
  133  7:35  Cyclone  
  128  7:38  Hellion  
  128  7:39  Hellion x2  
  128  7:41  Cyclone  
  127  7:46  Hellion  
  127  7:50  Engineering Bay  
  129  7:52  SCV  
  129  7:53  SCV x2, Supply Depot  
  129  7:56  Cyclone  
  135  8:05  SCV x3  
  138  8:07  Cyclone  
  138  8:08  Factory Tech Lab  
  138  8:10  Terran Vehicle Weapons Level 1, Terran Vehicle And Ship Armor Level 1  
  141  8:14  Drilling Claws  
  141  8:16  Planetary Fortress  
  141  8:17  SCV x3  
  144  8:23  Cyclone  
  147  8:29  SCV x3, Cyclone, Refinery x2  
  153  8:35  Missile Turret  
  153  8:38  Sensor Tower  
  153  8:39  Command Center  
  153  8:41  Cyclone  
  156  8:43  Cyclone  
  159  8:49  Cyclone  
  159  8:51  Missile Turret x2  
  159  8:53  Missile Turret  
  159  8:54  Widow Mine x2  
  166  8:55  Missile Turret  
  166  8:56  Widow Mine  
  166  8:57  Widow Mine  
  166  9:00  Missile Turret  
  170  9:06  Missile Turret  
  170  9:07  Cyclone  
  170  9:09  Sensor Tower  
  173  9:10  Missile Turret  
  173  9:17  Cyclone x2  
  173  9:23  Cyclone  
  179  9:31  Hellion  
  179  9:33  Hellion x2  
  180  9:41  Starport Tech Lab  
  180  9:42  Supply Depot  
  180  9:43  Cyclone, Supply Depot, Hellion x2  
  187  9:46  Factory  
  187  9:47  Command Center  
  187  9:50  Cyclone, Factory, Hellion  
  194  9:53  Hellion  
  194  9:55  Cyclone  
  194  10:04  Cyclone  
  183  10:09  Hellion x2  
  183  10:10  Hellion  
  183  10:12  Cyclone  
  167  10:14  Hellion, SCV x2  
  167  10:15  SCV x2  
  167  10:18  Siege Tank  
  174  10:22  Siege Tank  
  174  10:26  SCV x2  
  174  10:27  SCV, Siege Tank  
  176  10:34  Hellion x2  
  176  10:35  Hellion  
  170  10:36  Factory Tech Lab, Siege Tank  
  170  10:42  Terran Vehicle And Ship Armor Level 2  
  170  10:44  Cyclone  
  170  10:46  Hellion, Terran Vehicle Weapons Level 2  
  170  10:48  Factory Tech Lab  
  170  10:49  Refinery  
  175  10:50  Siege Tank  
  175  10:51  Refinery  
  175  10:54  Cyclone  
  175  10:55  Hellion  
  175  10:56  Cyclone  
  183  10:58  Hellion x2  
  170  11:05  Cyclone  
  170  11:06  Cyclone  
  170  11:09  Cyclone  
  170  11:10  Hellion  
  176  11:15  Raven  
  176  11:16  Hellion  
  176  11:17  Hellion  
  181  11:19  Hellion x2  
  181  11:20  Planetary Fortress  
  181  11:23  Hellion  
  187  11:27  Hellion  
  187  11:28  Smart Servos, Hellion  
  191  11:33  Hellion  
  191  11:37  Siege Tank, Hellion  
  191  11:38  Hellion  
  200  11:43  Orbital Command  
  200  11:45  Starport  
  198  11:51  Cyclone x2  
  198  11:52  Cyclone  
  198  11:53  Hellion x2  
  185  11:55  Siege Tank x2  
  185  11:58  Hellion  
  185  11:59  Hellion  
  197  12:01  Hellion  
  189  12:09  Cyclone  
  189  12:14  Hellion  
  189  12:15  Hellion, SCV  
  193  12:19  Hellion  
  193  12:20  Cyclone  
  190  12:23  Cyclone, Raven  
  190  12:24  Cyclone  
  190  12:25  Starport Reactor  
  190  12:26  Command Center  
  193  12:37  Siege Tank  
  193  12:39  Siege Tank  
  193  12:41  Siege Tank  
  193  12:42  Siege Tank  
  173  12:49  Hellion x2  
  173  12:51  Hellion x2  
  179  12:52  Siege Tank  
  179  12:56  Cyclone, Hellion  
  181  13:09  Cyclone  
  181  13:10  Hellion x2  
  181  13:11  Cyclone  
  181  13:12  Hellion  
  193  13:13  Hellion, Cyclone  
  199  13:32  Command Center  
  199  13:33  Command Center  
  199  13:35  Viking x2  
  199  13:37  Viking  
  198  13:48  Starport  
  192  13:53  Refinery  
  198  13:55  Sensor Tower  
  198  13:56  Refinery  
  198  13:57  Missile Turret  
  198  13:59  Terran Vehicle Weapons Level 3, Terran Vehicle And Ship Armor Level 3  
  192  14:05  Viking x2  
  192  14:07  Viking  
  173  14:19  Planetary Fortress  
  173  14:20  Cyclone x4  
  173  14:21  Cyclone x2  
  173  14:22  Cyclone  
  192  14:35  Viking x2  
  192  14:36  Viking  
  192  14:37  Raven  
  200  14:49  Orbital Command  
  200  14:50  Orbital Command  
  200  14:58  Cyclone x2  
  195  15:02  Cyclone  
  195  15:05  Viking  
  197  15:11  Command Center, Missile Turret  
  197  15:12  Command Center  
  197  15:23  Siege Tank  
  197  15:25  Siege Tank  
  198  15:29  Siege Tank  
  198  15:31  Siege Tank x2  
  195  15:36  Cyclone  
  198  15:47  Viking x2  
  200  16:00  Cyclone x2  
  200  16:01  Cyclone x2  
  195  16:17  Cyclone  
  195  16:28  Hellion x2  
  195  16:29  SCV  
  195  16:31  SCV x3  
  200  16:36  Terran Ship Weapons Level 1, Siege Tank  
  200  17:00  Siege Tank x2, Cyclone x2  
  200  17:01  Cyclone  
  195  17:03  Cyclone  
  183  17:08  Cyclone  
  183  17:10  Hellion x2  
  183  17:13  Hellion x2  
  183  17:28  Orbital Command  
  166  17:32  Hellion x2, Cyclone x2, Siege Tank x2  
  166  17:33  Siege Tank  
  166  17:34  Hellion x2  
  166  17:35  Siege Tank  
  180  17:40  Siege Tank  
  154  17:52  SCV x2  
  154  17:53  Hellion x2  
  154  17:55  SCV  
  154  17:56  Hellion x2  
  165  17:59  SCV  
  165  18:04  Siege Tank x4  
  165  18:05  Cyclone  
  176  18:07  Cyclone  
  176  18:13  Cyclone  
  176  18:14  Hellion  
  178  18:21  Raven, Starport Reactor  
  178  18:23  Liberator x2  
  178  18:25  Hellion x2  
  178  18:26  Hellion  
  191  18:32  Terran Ship Weapons Level 2  
  189  18:36  Hellion, Cyclone x3  
  194  19:24  Siege Tank x2  
  182  19:25  Raven  
  182  19:27  Cyclone x2  
  182  19:28  Hellion x2  
  182  19:30  Hellion x2  
  182  19:31  Cyclone x2  
  179  19:33  Hellion  
  179  19:37  Liberator x3  
  179  19:38  Liberator  
  186  19:49  Hellion x2  
  186  19:52  Hellion  
  192  19:54  Cyclone  
  192  19:56  Cyclone  
  192  19:59  Siege Tank  
  196  20:09  Cyclone  
  196  20:10  Hellion  
  196  20:11  Hellion x3  
  195  20:14  SCV, Hellion  
  195  20:15  Hellion, SCV  
  195  20:19  SCV x2  
  197  20:38  Fusion Core  
  194  20:43  Siege Tank, Cyclone  
  194  20:45  Refinery  
  194  20:46  Refinery, Missile Turret x2  
  200  20:56  Planetary Fortress  
  200  21:01  Viking x3  
  194  21:08  Cyclone x3  
  182  21:19  Cyclone  
  182  21:25  Cyclone x3  
  180  21:28  Advanced Ballistics  
  180  21:29  Hellion x4  
  180  21:30  Viking x2  
  180  21:31  Hellion x2, Viking x2  
  192  21:38  Hellion  
  194  21:40  Cyclone x2  
  200  21:51  Cyclone  
  200  21:52  Viking  
  192  21:57  Cyclone x3  
  192  22:00  Viking x2  
  192  22:01  Viking x2, Thor  
  195  22:12  Cyclone x2, Hellion  
  189  22:19  Hellion  
  189  22:20  Hellion x2  
  189  22:22  Viking  
  191  22:29  Viking  
  191  22:30  Viking  
  191  22:31  Viking x2  
  182  22:45  Thor  
  182  22:47  Thor x2  
  200  23:10  Engineering Bay  
  197  23:15  Hellion x5  
  200  23:33  Orbital Command  
  200  23:38  Sensor Tower  
  200  23:39  Missile Turret  
  200  23:40  Missile Turret  
  198  23:42  Missile Turret  
  196  23:58  Missile Turret  
  196  24:01  Thor  
  198  24:06  Liberator  
  198  24:07  Liberator  
  198  24:08  Missile Turret  
  199  24:10  Missile Turret x2  
  199  24:36  Thor  
  197  24:49  Thor  
  193  24:52  Thor  
  190  25:02  Thor x3  
  190  25:03  Thor  
  194  25:48  Thor  
Show
View Real Time Build Order
Export as new Build Order

Serral Zerg 

Build Orders: Hatch First 

Get SALT Encoding   

  12  0:00  Drone  
  13  0:07  Drone  
  13  0:14  Extractor, Drone  
  15  0:21  Overlord  
  15  0:40  Drone  
  16  0:44  Hatchery  
  16  0:48  Drone  
  16  0:51  Drone  
  16  0:55  Drone  
  18  1:05  Extractor  
  18  1:10  Spawning Pool  
  16  1:14  Drone  
  16  1:16  Drone  
  18  1:26  Drone  
  19  1:37  Drone  
  20  1:47  Drone  
  21  1:57  Queen x2  
  21  1:58  Zergling x2  
  21  1:59  Zergling x2  
  27  2:06  Metabolic Boost  
  27  2:08  Overlord  
  27  2:11  Drone  
  28  2:28  Hatchery  
  27  2:30  Drone  
  27  2:32  Drone  
  27  2:36  Drone x2  
  30  2:44  Queen  
  30  2:49  Overlord  
  32  2:52  Drone  
  32  2:57  Drone  
  32  2:58  Drone  
  35  3:02  Overlord  
  35  3:06  Drone  
  35  3:10  Drone  
  35  3:11  Drone x2  
  39  3:13  Drone  
  39  3:14  Drone x2  
  42  3:22  Queen  
  42  3:26  Queen  
  46  3:33  Overlord  
  46  3:35  Zergling x4  
  46  3:39  Drone x3  
  51  3:44  Queen  
  51  3:48  Overlord  
  53  3:51  Drone x2  
  53  3:54  Zergling x2  
  53  3:55  Zergling x2  
  57  3:57  Drone  
  57  4:01  Queen  
  60  4:06  Overlord  
  60  4:07  Zergling x2  
  60  4:08  Drone  
  62  4:10  Drone  
  62  4:13  Drone  
  64  4:19  Zergling x4  
  64  4:24  Drone, Evolution Chamber  
  67  4:25  Drone x3  
  67  4:26  Drone x2  
  67  4:29  Lair  
  67  4:30  Overlord  
  72  4:32  Drone  
  72  4:33  Drone  
  72  4:38  Overlord  
  73  4:47  Queen  
  73  4:50  Drone  
  73  4:51  Drone x4  
  73  4:52  Hatchery  
  79  4:54  Spore Crawler  
  79  4:55  Spore Crawler  
  79  4:57  Drone  
  79  4:58  Drone  
  79  5:00  Drone x2  
  79  5:01  Drone  
  79  5:03  Zergling x4  
  79  5:04  Zergling x2  
  79  5:06  Drone x2  
  87  5:10  Drone x2  
  87  5:14  Drone  
  87  5:15  Drone x2  
  87  5:17  Spore Crawler, Extractor  
  87  5:18  Extractor, Drone  
  87  5:19  Drone  
  89  5:25  Queen, Baneling Nest, Overlord  
  89  5:28  Extractor x2, Overseer  
  89  5:29  Overlord  
  89  5:31  Overseer  
  89  5:32  Overlord  
  89  5:34  Drone x2  
  90  5:37  Evolution Chamber  
  90  5:39  Queen, Evolution Chamber  
  90  5:44  Drone x4  
  90  5:47  Drone x3  
  90  5:49  Drone  
  98  5:51  Drone  
  98  5:54  Drone x2, Infestation Pit  
  98  5:56  Overlord  
  99  5:57  Drone  
  99  5:59  Drone  
  99  6:02  Drone x3  
  104  6:07  Zerg Ground Armor Level 1  
  104  6:09  Zerg Melee Weapons Level 1  
  104  6:12  Overlord  
  104  6:13  Centrifugal Hooks  
  104  6:14  Zergling x2  
  104  6:18  Roach Warren  
  103  6:20  Zergling x2  
  103  6:21  Zergling x4  
  103  6:24  Overlord  
  103  6:25  Zergling x4  
  108  6:30  Zergling x10  
  113  6:32  Spore Crawler  
  113  6:33  Drone x2  
  113  6:34  Drone  
  113  6:36  Baneling x5  
  113  6:37  Baneling  
  115  6:40  Extractor, Spore Crawler  
  115  6:42  Baneling x2, Zergling x6  
  115  6:44  Drone x3  
  119  6:48  Drone x3  
  119  6:50  Drone x3  
  119  6:53  Overlord  
  125  6:56  Drone x2  
  125  6:57  Overseer  
  125  6:58  Drone x3  
  125  6:59  Overlord  
  125  7:01  Overlord, Glial Reconstitution  
  130  7:07  Drone  
  128  7:09  Infestation Pit, Drone x2  
  128  7:11  Drone x2  
  128  7:12  Drone x2  
  134  7:16  Drone x3  
  134  7:18  Extractor  
  134  7:19  Extractor  
  134  7:22  Queen  
  131  7:23  Queen, Spore Crawler  
  131  7:27  Spire  
  131  7:29  Hatchery  
  116  7:41  Zergling x18  
  116  7:42  Drone x5  
  124  7:45  Extractor  
  124  7:48  Baneling x2  
  124  7:50  Hive  
  123  7:51  Roach  
  123  7:52  Roach x5  
  123  7:54  Spore Crawler  
  123  7:57  Roach x3  
  140  8:01  Overseer  
  140  8:02  Overlord x3  
  140  8:04  Pneumatized Carapace  
  140  8:06  Spore Crawler  
  140  8:09  Roach x3  
  145  8:14  Overlord x3  
  145  8:15  Overlord  
  145  8:17  Zerg Missile Weapons Level 1  
  145  8:19  Zerg Melee Weapons Level 2  
  145  8:25  Roach  
  145  8:26  Roach x4  
  145  8:27  Overseer  
  155  8:35  Drone  
  155  8:36  Drone  
  155  8:37  Drone x2  
  155  8:38  Ravager x5  
  155  8:39  Ravager x4  
  168  8:41  Zergling x20  
  168  8:44  Infestor  
  168  8:48  Spore Crawler  
  179  8:49  Spore Crawler  
  179  8:50  Spine Crawler  
  179  8:55  Infestor  
  179  8:58  Zergling x18  
  188  9:05  Greater Spire  
  188  9:08  Hatchery  
  187  9:10  Overseer  
  187  9:12  Extractor x2  
  187  9:16  Zergling x20  
  187  9:17  Zergling x2  
  196  9:18  Neural Parasite  
  196  9:24  Infestor x2  
  187  9:33  Infestor  
  187  9:34  Zergling x2  
  187  9:35  Zergling x18  
  187  9:36  Baneling x4  
  199  9:38  Overlord x2  
  199  9:39  Overlord  
  199  9:41  Overlord  
  199  9:42  Overlord  
  199  9:44  Overlord  
  199  9:45  Overseer  
  199  9:46  Overseer x2  
  198  9:58  Baneling x6  
  182  10:09  Zergling x24  
  182  10:13  Infestor x2  
  182  10:14  Infestor  
  185  10:18  Drone x4  
  191  10:28  Zergling x34  
  198  10:35  Infestor x2  
  190  10:36  Zergling x4, Roach x2  
  190  10:38  Overseer  
  190  10:41  Burrow, Zerg Flyer Weapons Level 1  
  190  10:42  Zerg Missile Weapons Level 2  
  193  10:45  Drone  
  193  10:46  Drone x2  
  196  10:50  Zerg Melee Weapons Level 3  
  193  11:01  Zergling x18  
  188  11:10  Drone x2  
  185  11:11  Spore Crawler  
  185  11:12  Zergling x26  
  197  11:22  Baneling x5  
  197  11:23  Baneling x2, Ravager x4  
  195  11:29  Overseer  
  194  11:45  Drone x2  
  194  11:51  Zergling x26  
  194  11:53  Viper  
  191  11:55  Baneling x2  
  191  11:56  Baneling x6  
  196  12:03  Zergling x6  
  190  12:12  Zergling x18  
  190  12:15  Baneling x2  
  199  12:22  Corruptor x7  
  186  12:26  Baneling x3  
  194  12:39  Zergling x10  
  194  12:40  Zergling x18  
  189  12:45  Infestor  
  189  12:46  Infestor x2  
  183  12:53  Brood Lord x7  
  193  12:59  Zergling x18  
  193  13:02  Infestor x2  
  198  13:08  Extractor x2, Spine Crawler  
  198  13:09  Zerg Missile Weapons Level 3, Spine Crawler  
  198  13:10  Baneling x6  
  198  13:11  Spine Crawler  
  198  13:12  Queen x2  
  193  13:15  Zergling x14  
  193  13:18  Zerg Flyer Armor Level 1  
  200  13:20  Baneling x2  
  200  13:21  Baneling x2  
  200  13:25  Spine Crawler  
  199  13:27  Zerg Ground Armor Level 2  
  199  13:33  Infestor x2  
  196  13:42  Drone x2  
  198  13:49  Infestor x9  
  198  13:58  Baneling x8  
  198  13:59  Hatchery  
  194  14:11  Zergling x14  
  189  14:17  Corruptor x2  
  189  14:19  Zergling x24  
  198  14:30  Hatchery, Zergling x6  
  198  14:36  Infestor x8  
  196  14:48  Brood Lord  
  196  14:51  Baneling x10  
  198  14:58  Brood Lord  
  196  15:02  Roach x3  
  200  15:17  Baneling x7  
  200  15:25  Zergling x6  
  191  15:39  Zergling x10  
  191  15:40  Zergling x8  
  191  15:42  Zerg Flyer Weapons Level 2  
  200  15:45  Hydralisk Den  
  195  16:01  Zergling x22  
  199  16:04  Baneling x3  
  199  16:09  Ravager  
  200  16:16  Spore Crawler  
  199  16:20  Infestor x9, Zerg Ground Armor Level 3  
  199  16:22  Adrenal Glands, Microbial Shroud  
  199  16:24  Zergling x2  
  199  16:25  Zergling x16  
  195  16:40  Baneling  
  195  16:41  Baneling x2  
  191  16:59  Zergling x36  
  195  17:04  Zergling x24  
  195  17:05  Queen  
  196  17:14  Infestor x4  
  192  17:15  Queen x2  
  192  17:17  Drone  
  192  17:18  Drone  
  181  17:23  Zergling x20  
  181  17:29  Zergling x4  
  179  17:33  Roach x4  
  179  17:34  Queen x2  
  179  17:35  Overlord  
  175  17:41  Infestor  
  175  17:42  Infestor x4  
  159  17:44  Roach x2  
  159  17:48  Roach x2  
  151  17:54  Hatchery, Roach x3, Zergling x2  
  151  17:57  Ravager x4, Zerg Flyer Armor Level 2  
  151  17:58  Baneling x7  
  159  17:59  Baneling, Roach x3  
  159  18:03  Infestor x3  
  172  18:08  Baneling x2  
  162  18:13  Roach x3  
  162  18:18  Overlord  
  162  18:19  Zergling x14  
  169  18:23  Zergling x14  
  169  18:26  Viper  
  176  18:27  Viper  
  176  18:29  Zergling x4  
  176  18:30  Overlord  
  176  18:33  Ravager  
  176  18:34  Ravager x10  
  189  18:35  Hatchery, Zergling x2  
  189  18:40  Zergling x8  
  192  18:43  Zergling x2  
  192  18:47  Zergling x10  
  194  19:02  Zergling x14  
  192  19:14  Zergling x26  
  199  19:21  Zergling x18  
  199  19:22  Zergling x2  
  199  19:23  Zergling x10  
  186  19:26  Roach  
  186  19:27  Zergling x2, Roach x2  
  186  19:30  Infestor  
  182  19:33  Zergling x2  
  176  19:44  Corruptor  
  176  19:45  Corruptor x2  
  181  19:49  Ravager  
  174  19:54  Ravager x2, Corruptor x3  
  182  20:06  Corruptor x3  
  174  20:19  Brood Lord  
  174  20:20  Brood Lord x2  
  170  20:29  Brood Lord x2  
  170  20:35  Brood Lord  
  176  20:42  Brood Lord x2  
  177  20:45  Brood Lord  
  179  20:51  Corruptor x2  
  183  20:58  Viper  
  183  21:03  Corruptor x2  
  187  21:17  Corruptor x3  
  187  21:23  Corruptor  
  180  21:32  Corruptor  
  180  21:33  Corruptor  
  180  21:37  Drone  
  185  21:41  Brood Lord  
  185  21:44  Corruptor x2  
  185  21:45  Extractor  
  185  21:59  Corruptor x4  
  174  22:03  Brood Lord  
  174  22:06  Infestor  
  169  22:11  Corruptor  
  171  22:18  Infestor x2  
  177  22:25  Infestor  
  177  22:26  Infestor  
  183  22:30  Drone  
  183  22:34  Zerg Flyer Weapons Level 3  
  180  22:40  Infestor  
  180  22:41  Infestor  
  182  22:46  Brood Lord  
  182  22:48  Brood Lord x2  
  184  22:54  Drone  
  184  22:55  Overseer  
  184  22:58  Queen  
  187  22:59  Brood Lord  
  187  23:01  Brood Lord  
  187  23:04  Corruptor  
  193  23:06  Overseer  
  193  23:11  Corruptor  
  194  23:23  Brood Lord  
  194  23:25  Zergling x12  
  193  23:27  Baneling x2  
  193  23:31  Corruptor  
  193  23:34  Corruptor  
  194  23:36  Drone  
  194  23:39  Corruptor  
  199  23:51  Overseer  
  199  24:03  Spore Crawler, Hatchery  
  199  24:09  Brood Lord  
  196  24:18  Zergling x6  
  199  24:31  Baneling x3  
  199  24:39  Baneling x4  
  184  24:54  Zergling x10  
  188  25:00  Zergling x4  
  188  25:09  Drone x3  
  188  25:10  Overlord x3  
  182  25:16  Overlord  
  182  25:17  Brood Lord  
  182  25:20  Brood Lord  
  186  25:24  Zergling x4  
  186  25:27  Overlord  
  188  25:32  Overseer  
  184  25:35  Zergling x6  
  184  25:36  Zergling x8  
  184  25:42  Brood Lord  
  191  25:49  Corruptor  
  186  25:56  Baneling x3  
  184  25:57  Corruptor  
Tags
 
Add a new tag
Caveats
  • Supply blocks, unpowered buildings, or Contaminate may cause inaccurate times.
  • Supply counts are checked every 10 seconds.